 Dungeon Crawl Stone Soup version 0.31-a0-1178-gc5c9b8f (webtiles) character file.

Game seed: 11304091921872105428

17192 sniakfm the Mimic (level 12, -18/123 HPs)
             Began as a Human Shapeshifter on Dec 11, 2023.
             Was an Initiate of Gozag.
             Demolished by a bog body (20 damage)
             ... on level 2 of the Lair of Beasts.
             The game lasted 00:42:41 (14172 turns).

sniakfm the Mimic (Human Shapeshifter)             Turns: 14172, Time: 00:42:41

Health: -18/123    AC:  9    Str: 29    XL:     12   Next: 79%
Magic:  12/12      EV: 15    Int: 11    God:    Gozag
Gold:   1045       SH:  0    Dex: 13    Spells: 11/11 levels left

rFire   + +          .
                       - Unarmed
rCold   . . .        (shield currently unavailable)
rNeg    . . .        y - melded +0 ring mail
rPois   +            (helmet currently unavailable)
rElec   .            (cloak currently unavailable)
rCorr   .            (gloves currently unavailable)
SInv    .            (boots currently unavailable)
Will    .....        w - amulet of the acrobat Stlth
                     c - ring of protection from cold
HPRegen 0.40/turn    z - +5 ring of evasion
MPRegen 0.13/turn

%: acrobat
@: berserking, short of breath, dragon-form, gold aura, flying, slowed
A: dragon claw, dragon scales, breathe fire, flying, reduced hp, giant
a: Breathe Fire, Begin Untransformation, Renounce Religion, Potion Petition,
Call Merchant, Bribe Branch


You were on level 2 of the Lair of Beasts.
You worshipped Gozag.
Gozag was most pleased with you.
You were a fearsome dragon!
You visited 3 branches of the dungeon, and saw 12 of its levels.
You also visited: Bailey.

You collected 3005 gold pieces.
You spent 759 gold pieces at shops.
You paid 1201 gold pieces to Gozag.

Inventory:

Missiles
 q - a poisoned dart (quivered)
 t - 7 boomerangs
Armour
 a - a +0 animal skin
 k - a +0 cloak
 o - a +0 helmet of intelligence
 y - a +0 ring mail (melded)
 L - a +0 cloak
Jewellery
 c - a ring of protection from cold (left foreclaw)
 g - a +6 ring of dexterity
 v - a ring of fire
 w - an amulet of the acrobat (around neck)
 z - a +5 ring of evasion (right foreclaw)
 B - a ring of wizardry
Talismans
 d - a flux talisman
 x - a beast talisman
 G - a dragon-blood talisman (active)
Wands
 A - a wand of acid (4)
 D - a wand of digging (4)
 I - a wand of iceblast (3)
 J - a wand of mindburst (6)
 P - a wand of paralysis (2)
 V - a wand of flame (10)
Scrolls
 b - 2 scrolls of poison
 f - 4 scrolls of enchant armour
 h - a scroll of fear
 i - 3 scrolls of revelation
 j - 4 scrolls of fog
 l - 2 scrolls of enchant weapon
 m - 2 scrolls of amnesia
 r - a scroll of torment
 E - 2 scrolls of brand weapon
 F - a scroll of silence
 H - 2 scrolls of immolation
 M - a scroll of vulnerability {unknown}
 R - a scroll of identify
 T - 4 scrolls of teleportation
Potions
 e - 2 potions of degeneration
 n - 2 potions of enlightenment
 p - a potion of brilliance
 s - 2 potions of mutation {unknown}
 u - 2 potions of attraction
 C - a potion of magic
 K - a potion of curing {unknown}
 N - 2 potions of berserk rage


   Skills:
 + Level 9.6 Fighting
 - Level 8.0 Dodging
 - Level 5.0 Stealth
 * Level 9.2 Unarmed Combat
 + Level 3.2 Evocations
 + Level 11.7 Shapeshifting


You had 11 spell levels left.
You didn't know any spells.
Your spell library contained the following spells:

 Spells                   Type           Power      Damage    Failure   Level
 Sting                    Tmut/Pois      0%         1d3       34%         1
 Summon Small Mammal      Summ           0%         N/A       34%         1
 Cigotuvi's Dreadful Rot  Necr/Pois/Air  0%         N/A       47%         2
 Poisonous Vapours        Pois/Air       0%         N/A       47%         2
 Call Canine Familiar     Summ           0%         N/A       71%         3
 Ignite Poison            Fire/Tmut/Pois 0%         N/A       71%         3
 Summon Guardian Golem    Hex/Summ       0%         N/A       71%         3
 Animate Armour           Summ/Erth      0%         N/A       98%         4
 Olgreb's Toxic Radiance  Pois           0%         N/A       98%         4
 Summon Lightning Spire   Summ/Air       0%         N/A       98%         4
 Vhi's Electric Charge    Tloc/Air       0%         N/A       98%         4
 Arcjolt                  Conj/Air       0%         1d10      100%        5
 Freezing Cloud           Conj/Ice/Air   0%         6-21      100%        5
 Lee's Rapid Deconstruct  Erth           0%         3d4*      100%        5
 Maxwell's Capacitive Co  Air            0%         ∞         100%        8


Dungeon Overview and Level Annotations

Branches:
Dungeon (9/15)             Temple (1/1) D:5            Lair (2/5) D:9
  Swamp (0/4) Lair:2       Spider (0/4) Lair:2          Orc (0/2) D:9
 Bailey (visited)

Altars:
Ashenzari
Cheibriados
Elyvilon
Fedhas
Gozag
Hepliaklqana
Kikubaaqudgha
Makhleb
Nemelex Xobeh
Okawaru
Qazlal
Ru
Sif Muna
Trog
Uskayaw
Vehumet
Wu Jian
Xom
Yredelemnul
Zin
The Shining One

Shops:
D:6 *!=**   D:8 *

Annotations:
D:4 1 exclusion
D:6 2 exclusions
D:9 1 exclusion


Message History

The bog body completely misses you. The bog body touches you!
The bog body freezes you!!
You take 40 damage, and have 42/82 hp.
MASSIVE DAMAGE!!
You closely miss the bog body. The bog body touches you!
* * * LOW HITPOINT WARNING * * *
The bog body freezes you!!
* * * LOW HITPOINT WARNING * * *
You take 38 damage, and have 4/82 hp.
MASSIVE DAMAGE!!
Okay, then.
Unknown command.
Okay, then.
Okay, then.
Okay, then. [a] - 320 gold - might, brilliance and invisibility [b] - 754 gold - brilliance, magic, resistance and might [c] - 325 gold - heal wounds, curing and berserk rage Purchase which effect?
You feel much better.
You feel better.
A red film seems to cover your vision as you go berserk!
You feel yourself moving faster!
You feel mighty! The bog body touches you.
* * * LOW HITPOINT WARNING * * *
The bog body freezes you!
* * * LOW HITPOINT WARNING * * *
The bog body is distracted by your dazzling golden aura.
You now have 40/123 hp.
You strike the helpless bog body from behind!
You claw the bog body!
The bog body is no longer distracted by gold.
The bog body is moderately damaged.
The electric eel is distracted by your dazzling golden aura.
Unknown command.
You claw the bog body!
Your tail-slap misses the bog body.
The bog body is heavily damaged.
The bog body is distracted by your dazzling golden aura.
You claw the bog body!
The bog body is no longer distracted by gold.
You tail-slap the bog body. Your bite misses the bog body.
The bog body is almost destroyed.
The bog body touches you!
* * * LOW HITPOINT WARNING * * *
The bog body freezes you!!
* * * LOW HITPOINT WARNING * * *
You take 38 damage, and have 3/123 hp.
MASSIVE DAMAGE!!
You hit the bog body.
The bog body is almost destroyed.
The bog body touches you.
* * * LOW HITPOINT WARNING * * *
The bog body freezes you!!
You die...
Your body crumbles into a pile of gold.

........... ..........
♣§§§§♣ ♣~§§.♣ ♣≈..~♣ ^
♣S..~♣ ^ ♣≈..~♣ #. ♣≈..~♣
^ ♣~n$.♣ .. ♣~D.~♣ # .^
♣~..~♣ # ..## ♣≈..~♣ ##.#
#♣♣~.♣~♣♣♣ ^..## ###
#.♣~..♣♣.♣ ....###.##
#.♣≈♣.~♣.#
..P###...####.♣...≈♣.###
...........##.♣~..~♣...#
..#.........>.♣♣..♣♣...###


You could see a bog body and an electric eel.

Vanquished Creatures
  A hydra (Lair:2)
  2 two-headed ogres
  A bog body (Lair:2)
  Pikel (D:7)
  Maurice (D:9)
  A black mamba (Lair:2)
  6 cane toads
  6 komodo dragons
  2 polar bears
  2 hornets
  2 tarantellas (Lair:2)
  3 blink frogs (Lair:2)
  6 wyverns
  3 basilisks
  20 yaks
  A steam dragon (D:6)
  An acid dragon (D:9)
  A swamp worm (Lair:2)
  5 water moccasins
  9 orc warriors
  2 ice beasts
  A black bear (D:8)
  2 ogres
  5 wolves (Lair:1)
  2 centaurs (D:8)
  A lemure (D:8)
  2 phantoms
  4 bullfrogs
  A scorpion (D:5)
  A wight (D:6)
  5 killer bees (D:7)
  4 howler monkeys
  4 hounds
  4 jellies
  2 sleepcaps
  5 orc priests
  2 iguanas
  Terence (D:3)
  Natasha (thrice) (D:2)
  5 orc wizards
  4 hell rats (Lair:2)
  Robin (D:3)
  4 gnolls (D:3)
  2 adders
  5 river rats (Lair:2)
  2 shadow imps
  2 ufetubi (D:5)
  3 worms
  A dart slug (D:4)
  45 orcs
  2 endoplasms
  4 giant cockroaches
  20 goblins
  6 hobgoblins
  2 quokkas
  2 ball pythons
  3 bats
  4 frilled lizards
  6 kobolds
  16 rats
264 creatures vanquished.

Notes
Turn   | Place    | Note
-------+----------+-------------------------------------------
     0 | D:1      | sniakfm the Human Shapeshifter began the quest for the Orb.
     0 | D:1      | Reached XP level 1. HP: 15/15 MP: 1/1
   276 | D:1      | Reached XP level 2. HP: 13/21 MP: 2/2
   412 | D:1      | Reached skill level 1 in Stealth
   904 | D:2      | Found a faded altar of an unknown god.
   982 | D:2      | Noticed Natasha
   986 | D:2      | Identified a scroll of acquirement
   986 | D:2      | Acquired 803 gold pieces
   996 | D:2      | Killed Natasha
   997 | D:2      | Reached XP level 3. HP: 15/26 MP: 3/3
  1306 | D:2      | Noticed Natasha
  1415 | D:2      | Killed Natasha
  1416 | D:2      | Reached skill level 4 in Shapeshifting
  1416 | D:2      | Reached XP level 4. HP: 16/33 MP: 4/4
  1436 | D:2      | Noticed Natasha
  1494 | D:3      | Noticed Robin
  1561 | D:2      | Killed Natasha
  1613 | D:2      | Reached XP level 5. HP: 19/38 MP: 5/5
  2521 | D:3      | Killed Robin
  2688 | D:3      | Noticed Terence
  3452 | D:3      | Killed Terence
  3453 | D:3      | Reached XP level 6. HP: 34/44 MP: 6/6
  3831 | D:4      | Noticed an ogre
  3866 | D:3      | Reached skill level 3 in Dodging
  4686 | D:4      | Killed an ogre
  4687 | D:4      | Reached skill level 5 in Shapeshifting
  4687 | D:4      | Reached XP level 7. HP: 51/51 MP: 7/7
  4957 | D:4      | Noticed a moth of wrath
  4960 | D:4      | Found a bloodstained altar of Trog.
  4994 | D:4      | Reached skill level 3 in Stealth
  5284 | D:4      | Reached skill level 3 in Fighting
  5337 | D:5      | Entered Level 5 of the Dungeon
  5917 | D:5      | Found a staircase to the Ecumenical Temple.
  5925 | D:5      | Reached XP level 8. HP: 53/58 MP: 8/8
  5933 | Temple   | Entered the Ecumenical Temple
  6004 | Temple   | Became a worshipper of Gozag Ym Sagoz the Greedy
  6410 | D:6      | Reached skill level 6 in Shapeshifting
  6939 | D:6      | Noticed a wyvern
  6969 | D:6      | Killed a wyvern
  7051 | D:6      | Noticed a boulder beetle
  7176 | D:6      | Found Ohauthrae's Jewellery Emporium.
  7178 | D:6      | Found Tuto's General Store.
  7180 | D:6      | Found Mieheps's General Store.
  7181 | D:6      | Found Sexilyri's Distillery.
  7194 | D:6      | Reached skill level 6 in Unarmed Combat
  7276 | D:6      | Reached XP level 9. HP: 55/67 MP: 9/9
  7306 | D:6      | Found a blossoming altar of Fedhas.
  7511 | D:6      | Reached skill level 7 in Shapeshifting
  7591 | D:6      | Found Wor Ree's Mass Market.
  7744 | D:6      | Bought a dragon-blood talisman for 660 gold pieces
  7953 | D:7      | Noticed a hornet
  7961 | D:7      | Killed a hornet
  7962 | D:7      | Reached skill level 6 in Fighting
  8077 | D:7      | Found a hazy altar of Hepliaklqana.
  8226 | D:7      | Identified the +7 war axe of the Demagogue {antimagic, rC+
                  | Will+ Dex-5}
  8493 | D:7      | Reached skill level 8 in Shapeshifting
  8658 | D:7      | Identified the +2 trident "Vaimyfas" {freeze, rElec rN++
                  | Stlth-}
  8764 | D:8      | Reached XP level 10. HP: 63/77 MP: 10/10
  8793 | D:8      | Found Vomu Ilic's General Store.
  8798 | D:8      | Bought a potion of berserk rage for 55 gold pieces
  8798 | D:8      | Bought a scroll of identify for 22 gold pieces
  8798 | D:8      | Bought a scroll of identify for 22 gold pieces
  8915 | D:8      | Noticed a two-headed ogre
  9000 | D:8      | Noticed Pikel
  9033 | D:8      | Found a flagged portal.
  9041 | D:8      | Identified the +4 spear of Neocraop {freeze, ^Contam rN++
                  | Dex+4}
  9044 | Bailey   | Entered a bailey
  9431 | Bailey   | Noticed an orc knight
 10376 | D:7      | Killed Pikel
 10377 | D:7      | Reached skill level 9 in Shapeshifting
 10697 | D:9      | Found a glowing golden altar of the Shining One.
 10771 | D:9      | Noticed Maurice
 10819 | D:9      | Found a staircase to the Orcish Mines.
 10854 | D:9      | Paralysed by a hornet for 3 turns
 11087 | D:8      | Killed a two-headed ogre
 11088 | D:8      | Reached skill level 6 in Dodging
 11237 | D:9      | Noticed a two-headed ogre
 11242 | D:9      | Killed a two-headed ogre
 11243 | D:9      | Reached XP level 11. HP: 50/86 MP: 11/11
 11409 | D:9      | Reached skill level 10 in Shapeshifting
 11722 | D:9      | Maurice stole a dragon-blood talisman
 11723 | D:9      | Maurice stole a ring of wizardry
 11724 | D:9      | Killed Maurice
 11923 | D:9      | Found a staircase to the Lair.
 12361 | Lair:1   | Entered Level 1 of the Lair of Beasts
 12385 | Lair:1   | Found a sparkling altar of Nemelex Xobeh.
 12856 | Lair:1   | Reached skill level 11 in Shapeshifting
 12914 | Lair:1   | Reached XP level 12. HP: 65/94 MP: 12/12
 13505 | Lair:2   | Reached skill level 9 in Fighting
 13513 | Lair:2   | Reached skill level 1 in Evocations
 13528 | Lair:2   | Found a hole to the Spider Nest.
 14015 | Lair:2   | Noticed a six-headed hydra
 14019 | Lair:2   | Killed a seven-headed hydra
 14020 | Lair:2   | Reached skill level 9 in Unarmed Combat
 14069 | Lair:2   | Reached skill level 3 in Evocations
 14160 | Lair:2   | Found a staircase to the Swamp.
 14167 | Lair:2   | HP: 4/82 [bog body (23)]
 14172 | Lair:2   | HP: 2/123 [bog body (1)]
 14172 | Lair:2   | Demolished by a bog body

Illustrated notes

Levels and vault maps discovered:
D:1:      amcnicky_arrival_single_pillar, layout_basic,
          minmay_stone_trees_medium
D:2:      layout_loops_corners, shapermc_ecumenical_altar_flowoftime,
          uniq_natasha
D:3:      layout_basic, hangedman_decor_points, minmay_fountain_box,
          minmay_misc_feat_doors, hangedman_feature_mirror, uniq_robin,
          uniq_terence
D:4:      layout_gridville, tgw_trog, minmay_misc_feat_enclosed,
          minmay_ogre_servants
D:5:      layout_loops_cross, minmay_temple_entry_mist, uniq_ijyb
D:6:      layout_loops_cross, fedhas_altar_decomposition,
          amcnicky_mini_rare_corridor_liquid, minmay_shop_grid_forest,
          minmay_shop_mass, st_stairs_4, kb_rosetta
D:7:      layout_basic, amcnicky_altar_gilded
D:8:      layout_gridville, serial_shops, nicolae_shop_hallway_stairs,
          enter_bailey_2, hangedman_abyss_or_decor_stabs, uniq_pikel
D:9:      layout_irregular_city, tso_oasis_becter, erik_lair_dragon,
          david_orc_2, uniq_maurice
Temple:   minmay_temple_bridge_d
Lair:1:   layout_regular_city, basic_altar, nicolae_quartered_pool_impasse
Lair:2:   layout_cave_pods, nicolae_swamp_entry_splash_gauntlet,
          spider_nest_entry_rubble, special_room [special_room_bee],
          kennysheep_abandoned_house, lemuel_fruit_tree

Skill      XL: |  1  2  3  4  5  6  7  8  9 10 11 12 |
---------------+-------------------------------------+-----
Stealth        | 1 2 3 5 |  5.0
Shapeshifting  | 4 5 6 8 9 11 | 11.7
Fighting       | 2 3 4 6 7 8 9 |  9.6
Dodging        | 3 4 6 8 |  8.0
Unarmed Combat | 6 7 9 |  9.2
Evocations     | 3 |  3.2

Action                     |  1- 3 |  4- 6 |  7- 9 | 10-12 || total
---------------------------+-------+-------+-------+-------++-------
  Melee: Unarmed           |    63 |   211 |   306 |   396 ||   976
         Punch             |       |    10 |     5 |     8 ||    23
         Tailslap          |       |       |       |    27 ||    27
         Bite              |       |       |       |    20 ||    20
  Throw: Dart              |       |     3 |     2 |     8 ||    13
 Invoke: Potion Petition   |       |       |     2 |     2 ||     4
Ability: Begin Untransform |       |     2 |     3 |     2 ||     7
         Breathe Fire      |       |       |       |    16 ||    16
  Evoke: Wand              |       |     3 |     2 |     3 ||     8
    Use: Scroll            |     4 |     4 |     5 |    10 ||    23
         Potion            |     1 |     2 |     3 |     3 ||     9
   Stab: Sleeping          |     3 |     1 |     5 |     4 ||    13
         Paralysed         |       |     3 |     9 |       ||    12
         Distracted        |       |       |     1 |     5 ||     6
 Armour: Animal skin       |    35 |   108 |    58 |       ||   201
         Skin              |     5 |     9 |    40 |   124 ||   178
         Ring mail         |       |       |    30 |     4 ||    34
  Dodge: Dodged            |    28 |   155 |   276 |   317 ||   776
   Form: Flux              |       |     1 |     2 |     1 ||     4
         Beast             |       |     1 |     1 |       ||     2
         Dragon            |       |       |       |     1 ||     1

Table legend: (Time is in decaauts)
 A = Elapsed time spent in this place.
 B = Non-inter-level travel time spent in this place.
 C = Inter-level travel time spent in this place.
 D = Time resting spent in this place.
 E = Time spent auto-exploring this place.
 F = Levels seen in this place.
 G = Mean time per level.
                   A        B        C        D        E       F      G
               +--------+--------+--------+--------+--------+-----+--------+
         Total |  14136 |  13366 |    770 |   3999 |   5638 |  13 | 1087.4 |
       Dungeon |  11535 |  10936 |    599 |   3345 |   4614 |   9 | 1281.7 |
        Temple |    142 |      1 |    141 |      0 |      0 |   1 |  142.0 |
          Lair |   1793 |   1763 |     30 |    398 |   1012 |   2 |  896.5 |
        Bailey |    664 |    664 |      0 |    256 |     12 |   1 |  664.0 |
               +--------+--------+--------+--------+--------+-----+--------+

Top non-repeatable levels by time:
     D:3: 1961 daAuts
     D:2: 1537 daAuts
     D:9: 1452 daAuts
     D:4: 1379 daAuts
     D:6: 1360 daAuts
     D:8: 1321 daAuts
     D:7: 1065 daAuts
  Lair:1: 952 daAuts
  Lair:2: 840 daAuts
     D:1: 735 daAuts
     D:5: 723 daAuts
  Bailey: 664 daAuts
  Temple: 142 daAuts
